AoeStats
← [Massa] Edo

Arena

505572616Analyzed
2v2 RM · 22d ago on Sep 10, 2026· 33m 45s· 4 players
Game mode
Random Map
Map size
Medium (4 player)
Population
200
Speed
Normal
Resources
Standard
Victory
Conquest
Starting age
Dark Age
Ending age
Imperial Age
RankedLock teamsTeams togetherTeam positionsShared explorationLock speedFull tech treeHidden civsTurbo modeCheats
Victory
Defeat
🇧🇷 Burmese · Brazil
1456
+17
🇧🇷 Cumans · Brazil
1401
+19
🇨🇱 Armenians · Chile
1474
-18
🇨🇱 Cumans · Chile
1474
-18
[Massa] Edo
11:04 Feudal Age
13:21 Loom
15:55 Castle Age
18:49 Ballistics
19:38 Gold Mining
22:48 Padded Archer Armor
24:20 Horse Collar
27:01 Bloodlines
26:51 Husbandry
27:35 Devotion
29:03 Scale Barding Armor
34:09 Heavy Plow
34:45 Gold Shaft Mining
34:02 Stone Mining
tg
6:25 Loom
8:48 Feudal Age
10:48 Fletching
11:20 Double-Bit Axe
13:26 Horse Collar
18:08 Padded Archer Armor
26:29 Wheelbarrow
30:00 Castle Age
27:54 Gold Mining
27:55 Stone Mining
28:43 Scale Barding Armor
30:19 Bloodlines
30:21 Forging
30:20 Capped Ram
31:27 Chain Barding Armor
30:41 Light Cavalry
30:55 Crossbowman
31:32 Bodkin Arrow
34:09 Heavy Plow
34:20 Bow Saw
Vaedal
9:22 Feudal Age
10:17 Double-Bit Axe
9:55 Man-at-Arms
10:41 Horse Collar
13:12 Loom
12:50 Long Swordsman
17:15 Scale Mail Armor
21:41 Castle Age
19:29 Loom
21:45 Castle Age
20:17 Gold Mining
21:15 Forging
21:51 Wheelbarrow
23:23 Bow Saw
24:26 Fletching
24:37 Padded Archer Armor
25:02 Bodkin Arrow
24:39 Elite Skirmisher
29:03 Heavy Plow
31:02 Fervor
31:30 Sanctity
31:40 Ballistics
31:44 Leather Archer Armor
Feanor
5:51 Loom
5:53 Loom
8:50 Feudal Age
7:55 Loom
9:26 Double-Bit Axe
9:58 Horse Collar
12:21 Wheelbarrow
22:20 Castle Age
20:28 Scale Barding Armor
20:43 Town Watch
21:32 Forging
22:18 Bloodlines
22:16 Gold Mining
23:21 Chain Barding Armor
23:51 Fletching
25:44 Bodkin Arrow
Connection lost

Rejoining the realm…

Still unreachable

The connection could not be restored.

Session expired

The server has moved on; the page needs a fresh start.